 Dungeon Crawl Stone Soup version 0.18.1-48-g4cf74bf (webtiles) character file.

4032 hairmachine the Carver (level 10, -1/63 HPs)
             Began as a High Elf Wizard on July 16, 2016.
             Was a Priest of Okawaru.
             Slain by a vampire (10 damage)
             ... on level 9 of the Dungeon.
             The game lasted 01:08:29 (13705 turns).

hairmachine the Carver (High Elf Wizard)           Turns: 13705, Time: 01:08:30

Health: -1/63      AC:  7    Str:  7    XL:     10   Next: 4%
Magic:  25/27      EV: 22    Int: 28    God:    Okawaru [***...]
Gold:   205        SH:  0    Dex: 21    Spells: 8 memorised, 4 levels left

rFire  . . .     SeeInvis .     g - +0 falchion
rCold  . . .     Gourm    .     a - +0 robe
rNeg   . . .     Faith    .     (no shield)
rPois  .         Spirit   .     b - +2 hat
rElec  .         Dismiss  .     m - +2 cloak
rCorr  .         Reflect  .     (no gloves)
SustAt .         Harm     .     (boots currently unavailable)
MR     +....                    l - amulet of magic regeneration
Stlth  ++++......               w - ring of magical power
                                A - +5 ring of dexterity

@: brilliant, appendage, heroism, repel missiles, somewhat resistant to hostile
enchantments, stealthy
A: talons 3
a: End Transformation, Heroism, Renounce Religion


You were on level 9 of the Dungeon.
You worshipped Okawaru.
Okawaru was most pleased with you.
You were near starving.
You had grown temporary talons.
You visited 2 branches of the dungeon, and saw 10 of its levels.

You collected 315 gold pieces.
You spent 110 gold pieces at shops.

Inventory:

Hand Weapons
 g - a +0 falchion (weapon)
 z - a +1 dagger of venom
 O - a +0 scimitar
Armour
 a - a +0 robe (worn)
 b - a +2 hat (worn)
 m - a +2 cloak (worn)
 R - a +0 ring mail
Jewellery
 l - an amulet of magic regeneration (around neck)
 v - an uncursed ring of fire
 w - a ring of magical power (right hand)
 A - a +5 ring of dexterity (left hand)
Wands
 H - a wand of slowing (41/48)
Scrolls
 e - a scroll of amnesia
 k - 7 scrolls of blinking
 p - 7 scrolls of identify
 q - a scroll of holy word {unknown}
 u - a scroll of recharging {unknown}
 x - a scroll of vulnerability {unknown}
 y - a scroll of immolation {unknown}
 B - 2 scrolls of enchant armour
 E - a scroll of fear
 I - 4 scrolls of teleportation
 M - a scroll of magic mapping
 Q - a scroll of fog
Potions
 h - a potion of mutation {unknown}
 i - 2 potions of flight
 j - a potion of resistance {unknown}
 n - 2 potions of curing
 o - a potion of ambrosia {unknown}
 r - a potion of agility {unknown}
 s - 2 potions of brilliance
 t - 2 potions of might {unknown}
 D - a potion of berserk rage {unknown}
 G - a potion of cancellation {unknown}
 J - 2 potions of heal wounds {unknown}
 L - 2 potions of lignification {unknown}
 P - a potion of haste {unknown}
Books
 c - a book of Minor Magic

   Spells                             Type                      Level
   a - Magic Dart                     Conjuration                  1
   b - Blink                          Translocation                2
   c - Call Imp                       Summoning                    2
   d - Repel Missiles                 Charms/Air                   2
   e - Slow                           Hexes                        2
   f - Conjure Flame                  Conjuration/Fire             3
   g - Mephitic Cloud                 Conjuration/Poison/Air       3
 F - a book of Cantrips

   Spells                             Type                      Level
   a - Corona                         Hexes                        1
   b - Animate Skeleton               Necromancy                   1
   c - Summon Small Mammal            Summoning                    1
   d - Apportation                    Translocation                1
 K - a book of Changes

   Spells                             Type                      Level
   a - Beastly Appendage              Transmutation                1
   b - Sticks to Snakes               Transmutation                2
   c - Spider Form                    Transmutation/Poison         3
   d - Ice Form                       Ice/Transmutation            4
   e - Blade Hands                    Transmutation                5
Comestibles
 d - 4 bread rations
 f - 4 meat rations
 C - 2 slices of pizza
 N - 2 fruits


   Skills:
 - Level 3.4(8.4) Fighting
 - Level 7.2(14.8) Short Blades
 - Level 10.2(16.1) Long Blades
 + Level 1.3(6.3) Armour
 - Level 5.7(10.7) Dodging
 - Level 2.1(7.1) Stealth
 - Level 5.0 Spellcasting
 + Level 5.7 Conjurations
 - Level 0.8 Summonings
 - Level 1.1 Translocations
 - Level 3.0 Transmutations
 - Level 3.1 Air Magic


You had 4 spell levels left.
You knew the following spells:

 Your Spells              Type           Power        Failure   Level  Hunger
a - Magic Dart            Conj           ####         1%          1    None
b - Conjure Flame         Conj/Fire      #####...     1%          3    #......
c - Mephitic Cloud        Conj/Pois/Air  #####...     1%          3    #......
d - Blink                 Tloc           N/A          1%          2    None
e - Repel Missiles        Chrm/Air       ####..       1%          2    None
f - Call Imp              Summ           ####....     1%          2    None
g - Beastly Appendage     Trmt           #####.       1%          1    None
h - Corona                Hex            ###....      1%          1    None


Dungeon Overview and Level Annotations

Branches:
Dungeon (9/15)             Temple (1/1) D:6
   Lair: D:8-11         Orc: D:9-12

Altars:
Ashenzari
Gozag
Okawaru
Qazlal
Vehumet
Xom
Yredelemnul
Zin

Shops:
D:5 %   D:8 ?   D:9 (

Annotations:
D:5 Dowan
D:7 Pikel
D:8 junkhipster's ghost, journeyman GrFi


Innate Abilities, Weirdness & Mutations

You have claws for feet.


Message History

You hit the jackal.
You kill the jackal!
Okawaru accepts your kill.
You hear some strange, mumbled words.
Something tries to affect you, but you resist.
Casting: Magic Dart
Confirm with . or Enter, or press ? or * to list all spells.
Your feet morph into talons.
You gain the combat prowess of a mighty hero.
You are near starving!
Something hits you!
* * * LOW HITPOINT WARNING * * *
Something bites you!
* * * LOW HITPOINT WARNING * * *
Something draws strength from your injuries!
Drink which item? (? for menu, Esc to quit)
It was a potion of brilliance.
You feel clever all of a sudden. Something hits you!
You die...

#.# ##.#### #####
#.....# #...# ###..##.#
... ......#.# ...
####...#.##### #.#
#........... #.#
##.....##### #@# #.....#
#.# #.....# #.# ##.####
###.# ##'## #...#
##...## #.### ##.....##
####.######.......## #
#........#.........####
##........G.........'...


There were no monsters in sight!

Vanquished Creatures
  A manticore (D:9)
  Joseph (D:7)
  A two-headed ogre (D:9)
  Eustachio (D:5)
  5 yaks (D:9)
  A hippogriff (D:9)
  2 hungry ghosts (D:9)
  An ice beast (D:7)
  An orc warrior (D:9)
  2 slaves
  A wasp (D:9)
  2 centaurs
  A necrophage (D:7)
  A crocodile (D:9)
  A giant frog (D:8)
  2 scorpions
  3 wights (D:9)
  A howler monkey (D:6)
  3 crimson imps
  A quasit (D:8)
  A wasp zombie (D:9)
  A jelly (D:8)
  Crazy Yiuf (D:7)
  7 hounds
  An orc priest (D:4)
  5 orc wizards
  A centaur skeleton (D:3)
  3 worker ants
  2 hound zombies
  2 hound skeletons
  8 adders
  A shadow imp (D:5)
  4 oozes
  An adder zombie (D:5)
  An adder skeleton (D:5)
  2 worms
  3 dart slugs
  9 giant geckos
  21 orcs
  6 giant cockroaches
  5 goblins
  8 hobgoblins
  11 jackals
  2 quokkas
  6 bats
  A giant gecko skeleton (D:6)
  7 giant newts
  A jackal skeleton (D:9)
  A jackal zombie (D:6)
  5 kobolds
  A quokka skeleton (D:7)
  6 rats
166 creatures vanquished.

Vanquished Creatures (collateral kills)
  An orc (D:4)
1 creature vanquished.

Vanquished Creatures (others)
  An orc wizard (D:9)
1 creature vanquished.

Grand Total: 168 creatures vanquished

Notes
Turn   | Place    | Note
--------------------------------------------------------------
     0 | D:1      | hairmachine the High Elf Wizard began the quest for the Orb.
     0 | D:1      | Reached XP level 1. HP: 11/11 MP: 6/6
   748 | D:1      | Reached XP level 2. HP: 17/17 MP: 3/7
  1590 | D:1      | Reached XP level 3. HP: 21/21 MP: 6/9
  2922 | D:2      | Learned a level 3 spell: Conjure Flame
  2926 | D:2      | Learned a level 3 spell: Mephitic Cloud
  2929 | D:2      | Learned a level 2 spell: Blink
  3059 | D:3      | Reached XP level 4. HP: 8/27 MP: 3/10
  3342 | D:3      | Reached skill level 5 in Conjurations
  3569 | D:3      | Found a stormy altar of Qazlal.
  4044 | D:3      | Reached XP level 5. HP: 31/31 MP: 6/11
  4086 | D:3      | Learned a level 2 spell: Repel Missiles
  4122 | D:3      | Reached skill level 1 in Air Magic
  5107 | D:4      | Reached skill level 1 in Short Blades
  5310 | D:4      | Reached XP level 6. HP: 36/36 MP: 13/13
  5579 | D:4      | Learned a level 2 spell: Call Imp
  6959 | D:5      | Entered Level 5 of the Dungeon
  6959 | D:5      | Found Tievviam's Food Shoppe.
  7059 | D:5      | Reached skill level 5 in Spellcasting
  7113 | D:5      | Noticed Dowan
  7260 | D:5      | Noticed Eustachio
  7274 | D:5      | Killed Eustachio
  7274 | D:5      | Reached skill level 1 in Fighting
  7274 | D:5      | Reached XP level 7. HP: 44/44 MP: 10/15
  7579 | D:5      | Found an opulent altar of Gozag.
  7580 | D:5      | Found a glowing silver altar of Zin.
  7971 | D:6      | Found a staircase to the Ecumenical Temple.
  7982 | Temple   | Entered the Ecumenical Temple
  7991 | Temple   | Became a worshipper of Warmaster Okawaru
  8090 | D:6      | Reached skill level 5 in Short Blades
  8138 | D:6      | Found Moekisil's Distillery.
  9048 | D:7      | Learned a level 1 spell: Beastly Appendage
  9413 | D:7      | Noticed Joseph
  9433 | D:7      | Killed Joseph
  9433 | D:7      | Reached * piety under Okawaru
  9433 | D:7      | Reached XP level 8. HP: 29/52 MP: 11/16
  9590 | D:7      | Found an iron altar of Okawaru.
  9824 | D:7      | Noticed Crazy Yiuf
  9838 | D:7      | Killed Crazy Yiuf
 10250 | D:7      | Reached skill level 1 in Long Blades
 10469 | D:7      | Noticed Pikel
 10703 | D:6      | Reached skill level 2 in Long Blades
 11098 | D:8      | Reached skill level 3 in Long Blades
 11110 | D:8      | Found Avimuq's Magic Scroll Shoppe.
 11117 | D:8      | Bought a scroll of magic mapping for 45 gold pieces
 11117 | D:8      | Bought a scroll of teleportation for 39 gold pieces
 11117 | D:8      | Bought a scroll of identify for 26 gold pieces
 11186 | D:8      | Noticed junkhipster's ghost (journeyman GrFi)
 11327 | D:8      | Reached ** piety under Okawaru
 11327 | D:8      | Reached skill level 4 in Long Blades
 11545 | D:9      | Reached skill level 5 in Long Blades
 11606 | D:9      | Reached XP level 9. HP: 32/56 MP: 12/17
 11630 | D:9      | Reached skill level 6 in Long Blades
 11671 | D:9      | Reached skill level 7 in Long Blades
 11685 | D:9      | Reached *** piety under Okawaru
 11703 | D:9      | Reached skill level 8 in Long Blades
 11957 | D:9      | Reached skill level 9 in Long Blades
 12446 | D:9      | Found Dedin's Weapon Emporium.
 12490 | D:9      | Noticed a manticore
 12517 | D:9      | Killed a manticore
 12517 | D:9      | Reached skill level 10 in Long Blades
 12517 | D:9      | Reached skill level 5 in Dodging
 12740 | D:9      | Reached **** piety under Okawaru
 12820 | D:9      | Learned a level 1 spell: Corona
 13128 | D:9      | Reached skill level 1 in Armour
 13128 | D:9      | Reached XP level 10. HP: 46/63 MP: 8/18
 13705 | D:9      | Slain by a vampire

Skill      XL: |  1  2  3  4  5  6  7  8  9 |
---------------+----------------------------+-----
Conjurations   | 2 3 4 5 |  5.7
Air Magic      | 3 |  3.1
Short Blades   | 1 4 6 7 |  7.2
Spellcasting   | 4 5 |  5.0
Fighting       | 1 3 |  3.4
Transmutations | 3 |  3.0
Dodging        | 3 5 |  5.7
Long Blades    | 5 10 | 10.2
Armour         | 1 |  1.3
Stealth        | |  2.1
Summonings     | |  0.8
Translocations | |  1.1

Action                   |  1- 3 |  4- 6 |  7- 9 | 10-12 || total
-------------------------+-------+-------+-------+-------++-------
Melee: Unarmed           |     1 |       |       |       ||     1
       Dagger            |     2 |     3 |    43 |       ||    48
       Falchion          |       |       |   143 |    25 ||   168
       Kick              |       |       |    12 |       ||    12
       Headbutt          |       |       |     2 |       ||     2
 Cast: Magic Dart        |   128 |   168 |   342 |    54 ||   692
       Conjure Flame     |       |     7 |    22 |     4 ||    33
       Mephitic Cloud    |       |     6 |     7 |     2 ||    15
       Blink             |       |     2 |     8 |    10 ||    20
       Repel Missiles    |       |     1 |     2 |       ||     3
       Beastly Appendage |       |       |     6 |     1 ||     7
Invok: Heroism           |       |       |     1 |     2 ||     3
  Use: Scroll            |       |    13 |     3 |       ||    16
       Potion            |       |       |     1 |     1 ||     2
 Stab: Confused          |       |     1 |     3 |       ||     4
  Eat: Chunk             |     6 |    13 |    16 |     1 ||    36
       Beef jerky        |       |       |     2 |       ||     2
       Pizza             |       |       |     2 |       ||     2
Armor: Robe              |     9 |    11 |    45 |     5 ||    70
       Ring mail         |       |       |     1 |       ||     1
Dodge: Dodged            |    29 |    18 |   148 |    34 ||   229
       Deflected         |       |     1 |     5 |       ||     6
